 Dungeon Crawl Stone Soup version 0.16-a0-3807-g3748f16 (console) character file.

8937 MrRokkomies the Carver (level 11, -7/89 HPs)
             Began as an Octopode Assassin on Jan 26, 2015.
             Was a High Priest of Dithmenos.
             Mangled by a centaur warrior (16 damage)
             ... on level 11 of the Dungeon on Jan 27, 2015.
             The game lasted 01:01:46 (11502 turns).

MrRokkomies the Carver (Octopode Assassin)         Turns: 11502, Time: 01:01:46

Health: -7/89      AC:  3    Str: 11    XL:     11   Next: 38%
Magic:  11/11      EV: 19    Int: 17    God:    Dithmenos [*****.]
Gold:   439        SH:  0    Dex: 22    Spells: 2 memorised, 7 levels left

rFire  + . .     SeeInvis +     a - +1 dagger (venom)
rCold  + . .     Clarity  .     (no shield)
rNeg   . . .     SustAb   +     (helmet restricted)
rPois  +         Gourm    .     (no amulet)
rElec  .         Spirit   .     p - +6 ring of dexterity (curse)
rCorr  .         Warding  .     r - ring of poison resistance
rMut   .         Stasis   .     t - +3 ring of intelligence (curse)
MR     .....                    D - ring of protection from cold
Stlth  +++++++...               d - ring of sustain abilities
                                M - ring of see invisible
                                Q - ring of protection from fire
                                (no ring)

@: stone skin, wreathed by umbra, invisible, not resistant to hostile
enchantments, extremely stealthy
A: almost no armour, amphibious, 8 rings, constrict 8, camouflage 1, robust 1,
spit poison 2, gelatinous body 1
a: Spit Poison, Shadow Step, Shadow Form, Renounce Religion


You were on level 11 of the Dungeon.
You worshipped Dithmenos.
Dithmenos was extremely pleased with you.
You were hungry.

You visited 2 branches of the dungeon, and saw 12 of its levels.

You collected 689 gold pieces.
You spent 250 gold pieces at shops.

Inventory:

Hand weapons
 a - a +1 dagger of venom (weapon)
 b - a +1 blowgun
 q - a +2 falchion
 s - a +0 long sword
Missiles
 e - 33 poisoned needles
 n - 9 tomahawks (quivered)
 w - 30 stones
Jewellery
 d - a ring of sustain abilities (on tentacle)
 p - a cursed +6 ring of dexterity (left tentacle)
 r - a ring of poison resistance (right tentacle)
 t - a cursed +3 ring of intelligence (on tentacle)
 D - a ring of protection from cold (on tentacle)
 M - a ring of see invisible (on tentacle)
 Q - a ring of protection from fire (on tentacle)
Magical devices
 h - a wand of teleportation (7)
 E - a wand of frost (31)
 J - a wand of lightning (1)
 N - a wand of paralysis (8)
 P - a wand of slowing (28)
Scrolls
 i - 6 scrolls of remove curse
 l - 2 scrolls of teleportation
 H - a scroll of recharging
 I - a scroll of enchant weapon
Potions
 j - 2 potions of agility
 k - 2 potions of haste
 o - a potion of cure mutation
 x - 4 potions of brilliance
 A - 2 potions of restore abilities {unknown}
 B - a potion of flight {unknown}
 C - 2 potions of poison {unknown}
 K - a potion of might
 O - a potion of lignification {unknown}
Books
 u - a book of Geomancy

   Spells                             Type                      Level
   a - Sandblast                      Earth                        1
   b - Stoneskin                      Transmutation/Earth          2
   c - Passwall                       Transmutation/Earth          3
   d - Stone Arrow                    Conjuration/Earth            3
   e - Petrify                        Transmutation/Earth          4
   f - Lee's Rapid Deconstruction     Earth                        5
 F - a book of Control

   Spells                             Type                      Level
   a - Control Teleport               Charms/Translocation         4
   b - Control Undead                 Necromancy                   4
   c - Enslavement                    Hexes                        4
   d - Metabolic Englaciation         Hexes/Ice                    5
   e - Mass Confusion                 Hexes                        6
Comestibles
 c - 6 meat rations
 g - 6 bread rations
 m - 2 beef jerkies
 z - 4 royal jellies
 G - 8 slices of pizza


   Skills:
 * Level 9.9 Fighting
 - Level 5.2(8.3) Short Blades
 * Level 10.1(10.6) Long Blades
 - Level 2.0 Throwing
 + Level 7.7 Dodging
 - Level 5.3 Stealth
 - Level 5.0 Earth Magic


You had 7 spell levels left.
You knew the following spells:

 Your Spells              Type           Power        Failure   Level  Hunger
a - Stoneskin             Trmt/Erth      #.......     14%         2    ###....
b - Sandblast             Erth           ###...       2%          1    ##.....


Dungeon Overview and Level Annotations

Branches:
Dungeon (11/15)            Temple (1/1) D:4
   Lair: D:8-11         Orc: D:9-12

Altars:
Ashenzari
Cheibriados
Dithmenos
Elyvilon
Fedhas
Gozag
Kikubaaqudgha
Makhleb
Nemelex Xobeh
Okawaru
Qazlal
Ru
Sif Muna
Trog
Vehumet
Xom
Yredelemnul
Zin
The Shining One
Lugonu

Shops:
D:9 (   D:11 =


Innate Abilities, Weirdness & Mutations

You cannot wear most types of armour.
You are amphibious.
You can wear up to eight rings at the same time.
You can use your tentacles to constrict many enemies at once.
Your skin changes colour to match your surroundings (Stealth).
Your rubbery body absorbs attacks (AC +1).
You are robust (+10% HP).
You can spit moderately strong poison.


Message History

You start resting.
You are too injured to fight recklessly!
It begins to drip with poison!
a - a +1 dagger of venom (weapon)
The centaur warrior shoots an arrow.
The arrow hits you!
* * * LOW HITPOINT WARNING * * *
The centaur shoots an arrow.
The arrow closely misses you.
The centaur warrior unwields an uncursed shortbow.
The centaur warrior barely misses you.
You see here an arrow.
Drink which item? (? for menu, Esc to quit)
You feel better.
The centaur shoots an arrow.
The arrow completely misses you. The centaur warrior hits you!
* * * LOW HITPOINT WARNING * * *
Read which item? (? for menu, Esc to quit)
Okay, then.
Drink which item? (? for menu, Esc to quit)
You fade into invisibility!
The centaur warrior hits you!
You die...

#.. #..#. #...
#... #.. #.. #.#
#.# #(#
#@################
#ccc(..(....(.(.c(
##################


You could see a centaur warrior and 2 centaurs.

Vanquished Creatures
  3 hill giants
  3 centaur zombies
  Joseph (D:11)
  A gargoyle (D:10)
  A two-headed ogre (D:7)
  4 yaks (D:9)
  A deep elf mage (D:5)
  A spriggan (D:8)
  A water elemental (D:11)
  3 hippogriffs
  2 wargs (D:11)
  Menkaure (D:4)
  2 phantoms
  3 black bears
  2 ice beasts
  5 orc warriors
  A sky beast (D:7)
  2 ogres
  2 big kobolds
  A centaur (D:10)
  Blork the orc (D:9)
  5 giant frogs
  A crocodile (D:10)
  2 wyvern skeletons
  A water moccasin skeleton (D:7)
  2 scorpions (D:7)
  5 wights
  9 killer bees
  5 crimson imps
  A goliath beetle (D:10)
  7 hounds
  Crazy Yiuf (D:2)
  6 orc priests
  4 worker ants
  2 giant frog skeletons
  2 iguanas
  2 jellies
  5 orc wizards
  Jessica (D:2)
  A mummy (D:7)
  A hound skeleton (D:5)
  12 adders
  5 giant mites
  An orc zombie (D:11)
  A shadow imp (D:11)
  2 worms
  An adder skeleton (D:7)
  2 adder zombies
  7 giant geckos
  An ooze (D:4)
  32 orcs
  5 ball pythons
  8 bats
  2 bat skeletons (D:4)
  A bat zombie (D:8)
  4 giant cockroaches
  17 goblins
  14 hobgoblins
  5 quokkas
  4 giant newts
  2 giant spores
  14 jackals
  27 kobolds
  10 rats
  4 ballistomycetes
285 creatures vanquished.

Vanquished Creatures (others)
  A wight (D:6)
  A giant spore (D:6)
  A plant (D:11)
3 creatures vanquished.

Grand Total: 288 creatures vanquished

Notes
Turn   | Place    | Note
--------------------------------------------------------------
     0 | D:1      | MrRokkomies, the Octopode Assassin, began the quest for the Orb.
     0 | D:1      | Reached XP level 1. HP: 14/14 MP: 1/1
   257 | D:1      | Reached XP level 2. HP: 14/19 MP: 2/2
  1137 | D:2      | Noticed Jessica
  1144 | D:2      | Reached XP level 3. HP: 12/25 MP: 3/3
  1150 | D:2      | Killed Jessica
  1649 | D:2      | Reached XP level 4. HP: 30/30 MP: 4/4
  1907 | D:2      | Noticed Crazy Yiuf
  1919 | D:2      | Killed Crazy Yiuf
  1919 | D:2      | Reached XP level 5. HP: 36/36 MP: 5/5
  2162 | D:3      | Learned a level 2 spell: Stoneskin
  2164 | D:3      | Learned a level 1 spell: Sandblast
  2826 | D:4      | Found a staircase to the Ecumenical Temple.
  2837 | Temple   | Entered the Ecumenical Temple
  2879 | Temple   | Became a worshipper of Dithmenos the Shadowed
  3254 | D:4      | Noticed Menkaure
  3257 | D:4      | Killed Menkaure
  3257 | D:4      | Reached XP level 6. HP: 41/43 MP: 6/6
  3745 | D:4      | Found a stormy altar of Qazlal.
  3746 | D:4      | Found an opulent altar of Gozag.
  3840 | D:4      | Found a snail-covered altar of Cheibriados.
  3841 | D:4      | Found a white marble altar of Elyvilon.
  3842 | D:4      | Found an iron altar of Okawaru.
  3843 | D:4      | Found a sparkling altar of Nemelex Xobeh.
  4008 | D:5      | Entered Level 5 of the Dungeon
  4010 | D:5      | Noticed a deep elf mage
  4012 | D:5      | Killed a deep elf mage
  4012 | D:5      | Reached skill level 5 in Short Blades
  4012 | D:5      | Reached XP level 7. HP: 46/49 MP: 7/7
  4306 | D:5      | Reached skill level 1 in Long Blades
  4322 | D:5      | Upgraded the game from 0.16-a0-3803-gd4b2de5 to 0.16-a0-3807-g3748f16
  4382 | D:5      | Reached skill level 5 in Fighting
  4839 | D:5      | Found an ancient bone altar of Kikubaaqudgha.
  4939 | D:5      | Reached skill level 1 in Earth Magic
  5338 | D:6      | Reached XP level 8. HP: 34/55 MP: 8/8
  5709 | D:6      | Acquired Dithmenos' first power
  5990 | D:7      | Found a glowing golden altar of the Shining One.
  5995 | D:7      | Noticed a two-headed ogre
  6014 | D:7      | Reached skill level 5 in Long Blades
  6025 | D:7      | Killed a two-headed ogre
  6025 | D:7      | Reached skill level 5 in Dodging
  6025 | D:7      | Reached skill level 5 in Earth Magic
  6025 | D:7      | Reached XP level 9. HP: 13/61 MP: 9/9
  6651 | D:7      | Gained mutation: You can spit poison. [potion of mutation]
  6651 | D:7      | Gained mutation: You can spit moderately strong poison. [potion of mutation]
  6651 | D:7      | Gained mutation: You are robust (+10% HP). [potion of mutation]
  6688 | D:7      | Found a deep blue altar of Sif Muna.
  6851 | D:7      | Reached skill level 6 in Long Blades
  7052 | D:7      | Acquired Dithmenos' second power
  7628 | D:8      | Reached skill level 7 in Long Blades
  7871 | D:8      | Found a radiant altar of Vehumet.
  8283 | D:9      | Reached XP level 10. HP: 78/78 MP: 10/10
  8761 | D:9      | Reached skill level 8 in Long Blades
  8792 | D:9      | Found Ficav's Antique Weapon Emporium.
  8832 | D:9      | Noticed a cyclops
  8990 | D:9      | Found a shattered altar of Ashenzari.
  9034 | D:9      | Noticed Blork the orc
  9043 | D:9      | Killed Blork the orc
  9374 | D:9      | Acquired Dithmenos' third power
  9451 | D:10     | Entered Level 10 of the Dungeon
 10003 | D:10     | Noticed a hill giant
 10008 | D:10     | Killed a hill giant
 10008 | D:10     | Reached skill level 9 in Fighting
 10012 | D:10     | Noticed a hill giant
 10036 | D:10     | Killed a hill giant
 10036 | D:10     | Reached XP level 11. HP: 88/88 MP: 11/11
 10425 | D:11     | Found Bloastaw's Jewellery Shoppe.
 10427 | D:11     | Bought an uncursed ring of protection from fire for 250 gold pieces
 10867 | D:11     | Noticed a hill giant
 10938 | D:11     | Killed a hill giant
 11182 | D:11     | Found an ancient bone altar of Kikubaaqudgha.
 11188 | D:11     | Acquired Dithmenos' fourth power
 11281 | D:11     | Noticed Joseph
 11335 | D:11     | Killed Joseph
 11335 | D:11     | Reached skill level 10 in Long Blades
 11440 | D:11     | Noticed a centaur warrior
 11502 | D:11     | Mangled by a centaur warrior

Action                   |  1- 3 |  4- 6 |  7- 9 | 10-12 || total
-------------------------+-------+-------+-------+-------++-------
Melee: Dagger            |    47 |    87 |   280 |   335 ||   749
 Fire: Blowgun           |     8 |     3 |    29 |    47 ||    87
Throw: Javelin           |     5 |     2 |    53 |     5 ||    65
       Tomahawk          |     3 |       |     7 |    13 ||    23
 Cast: Stoneskin         |       |       |     4 |     2 ||     6
       Sandblast         |       |       |     9 |       ||     9
 Abil: Spit Poison       |       |       |       |     1 ||     1
Evoke: Wand              |       |       |       |     2 ||     2
  Use: Scroll            |     2 |     4 |     7 |     5 ||    18
       Potion            |     1 |       |     1 |     4 ||     6
 Stab: Sleeping          |    11 |    20 |    18 |    29 ||    78
       Distracted        |       |     1 |     6 |     3 ||    10
  Eat: Chunk             |     1 |     8 |    13 |    10 ||    32
       Pizza             |       |       |     1 |       ||     1
